 Dungeon Crawl Stone Soup version 0.20-a0-331-g5b3579f (webtiles) character file.

86 mopl the Sneak (level 4, 0/25 HPs)
             Began as a Deep Elf Assassin on Dec 21, 2016.
             Slain by a wyvern skeleton (8 damage)
             ... on level 4 of the Dungeon.
             The game lasted 00:04:21 (2573 turns).

mopl the Sneak (Deep Elf Assassin)                  Turns: 2573, Time: 00:04:22

Health: 0/25       AC:  3    Str: 13    XL:     4   Next: 26%
Magic:  6/6        EV: 12    Int: 16    God:
Gold:   212        SH:  0    Dex: 17    Spells: 3/3 levels left

rFire  . . .     SeeInvis .     a - +2 dagger
rCold  . . .     Gourm    .     c - +0 robe
rNeg   . . .     Faith    .     (no shield)
rPois  .         Spirit   .     (no helmet)
rElec  .         Reflect  .     d - +0 cloak
rCorr  .         Harm     .     (no gloves)
MR     .....                    (no boots)
Stlth  +++.......               r - amulet of regeneration
                                (no ring)
                                (no ring)

@: mighty
A: no striking features
a: no special abilities


You were on level 4 of the Dungeon.
You were not hungry.

You visited 1 branch of the dungeon, and saw 4 of its levels.

You collected 212 gold pieces.

Inventory:

Hand Weapons
 a - a +2 dagger (weapon)
 b - a +0 blowgun
Missiles
 e - 5 poisoned needles
 f - 2 curare-tipped needles
 m - 69 stones
 x - 7 tomahawks (quivered)
Armour
 c - a +0 robe (worn)
 d - a +0 cloak (worn)
Jewellery
 r - an amulet of regeneration (around neck)
Scrolls
 h - 3 scrolls of identify
 k - 2 scrolls of enchant weapon {unknown}
 l - a scroll of blinking {unknown}
 u - 2 scrolls of remove curse {unknown}
 y - a scroll of fear {unknown}
 z - a scroll of enchant armour {unknown}
 A - a scroll of recharging {unknown}
Potions
 j - a potion of curing {unknown}
 n - a potion of invisibility {unknown}
 o - 2 potions of brilliance {unknown}
 q - a potion of flight {unknown}
 s - a potion of heal wounds {unknown}
 v - 2 potions of mutation {unknown}
Comestibles
 g - 2 bread rations
 p - a meat ration
 t - a slice of pizza
 w - a beef jerky
 B - 4 chunks of flesh


   Skills:
 - Level 1.5 Fighting
 * Level 3.2 Short Blades
 * Level 3.1 Throwing
 - Level 1.2 Dodging
 * Level 5.6 Stealth


You had 3 spell levels left.
You didn't know any spells.

Dungeon Overview and Level Annotations

Branches:
Dungeon (4/15)
 Temple: D:4-7

Altars:
Nemelex Xobeh


Message History

Unknown command.
Press: ? - help, v - describe, . - travel
Here: a wyvern skeleton The floor.
Unknown command.
Unknown command.
As you read the scroll labeled YDYIKOSURU, it crumbles to dust.
It is a scroll of identify.
i - a potion of might The wyvern skeleton misses you.
You feel very mighty all of a sudden.
The wyvern skeleton bites you but does no damage.
You hit the wyvern skeleton.
The wyvern skeleton is lightly damaged.
The wyvern skeleton bites you.
* * * LOW HITPOINT WARNING * * *
You puncture the wyvern skeleton!
The wyvern skeleton is heavily damaged.
The wyvern skeleton bites you!
You die...

# .# .
#########.# ..
#.........####...
#."...@Z....... .
#...##.##..... .#
#.# #.#.##.#.##.#
# %..#...###..
###.#.##.#.## .#
##.##.....##.##.
............!..Z.
########........#
.........#......#


You could see a wyvern skeleton.

Vanquished Creatures
  3 adders
  An ooze (D:1)
  A worm (D:2)
  A dart slug (D:2)
  2 orcs
  9 bats
  3 giant cockroaches (D:2)
  6 goblins
  A hobgoblin (D:1)
  2 jackals (D:2)
  8 kobolds
  A quokka (D:3)
  3 frilled lizards
  7 rats
48 creatures vanquished.

Notes
Turn   | Place    | Note
-------+----------+-------------------------------------------
     0 | D:1      | mopl the Deep Elf Assassin began the quest for the Orb.
     0 | D:1      | Reached XP level 1. HP: 12/12 MP: 3/3
   247 | D:1      | Reached XP level 2. HP: 13/16 MP: 4/4
   663 | D:1      | Reached skill level 5 in Stealth
  1190 | D:2      | Reached XP level 3. HP: 13/20 MP: 5/5
  1331 | D:2      | Found a sparkling altar of Nemelex Xobeh.
  1468 | D:2      | Reached skill level 3 in Short Blades
  1875 | D:3      | Reached XP level 4. HP: 25/25 MP: 6/6
  1908 | D:3      | Reached skill level 3 in Throwing
  2573 | D:4      | Slain by a wyvern skeleton

Vault maps used:
D:1:      lightli_arrival_noodles
D:2:      nemelex_xobeh_ov_fountains_minmay
D:3:      first_bread
D:4:      minmay_door_path, lightli_sewer_entry_pipes, serial_shops,
          nicolae_shop_trees, minmay_ruptured, uniq_edmund

Skill      XL: |  1  2  3  4 |
---------------+-------------+-----
Stealth        | 5 |  5.6
Short Blades   | 3 |  3.2
Throwing       | 3 |  3.1
Fighting       | |  1.5
Dodging        | |  1.2

Action                   |  1- 3 |  4- 6 || total
-------------------------+-------+-------++-------
Melee: Dagger            |   129 |    41 ||   170
 Fire: Blowgun           |     8 |       ||     8
  Use: Scroll            |     1 |     1 ||     2
       Potion            |       |     1 ||     1
 Stab: Sleeping          |    11 |     2 ||    13
       Distracted        |     1 |       ||     1
  Eat: Chunk             |     2 |     3 ||     5
Armor: Robe              |    33 |    11 ||    44
Dodge: Dodged            |    91 |    30 ||   121
